 Dungeon Crawl Stone Soup version 0.30-a0-469-g84de5afbc5 (webtiles) character file.

Game seed: 9482215539238970525

228 cforsyth the Cudgeller (level 5, -1/48 HPs)
             Began as an Armataur Gladiator on Dec 19, 2022.
             Slain by an orc
             ... wielding a +0 flail
              (5 damage)
             ... on level 4 of the Dungeon.
             The game lasted 00:04:58 (2598 turns).

cforsyth the Cudgeller (Armataur Gladiator)         Turns: 2598, Time: 00:04:58

Health: -1/48      AC:  6    Str: 22    XL:     5   Next: 70%
Magic:  5/5        EV:  9    Int:  8    God:
Gold:   174        SH:  0    Dex: 11    Spells: 4/4 levels left

rFire   . . .      SeeInvis .    a - +0 flail
rCold   . . .      Faith    .    (no shield)
rNeg    . . .      Spirit   .    b - +0 leather armour
rPois   .          Reflect  .    c - +0 helmet
rElec   .          Harm     .    (no cloak)
rCorr   .          Roll     +    (no gloves)
Will    .....                    (no barding)
Stlth   +.........               (no amulet)
HPRegen 0.28/turn                (no ring)
MPRegen 0.09/turn                (no ring)

@: mighty
A: large, rugged brown scales 3, deformed body, armoured tail, roll, long
tongue, awkward tongue
a: no special abilities


You were on level 4 of the Dungeon.
You visited 1 branch of the dungeon, and saw 4 of its levels.
You also visited: Sewer.

You collected 174 gold pieces.

Inventory:

Hand Weapons
 a - a +0 flail (weapon)
Missiles
 d - 3 throwing nets (quivered)
 e - a javelin
Armour
 b - a +0 leather armour (worn)
 c - a +0 helmet (worn)
Jewellery
 q - a +6 ring of strength
 s - a ring of ice
Wands
 o - a wand of roots (10)
Scrolls
 g - a scroll of amnesia {unknown}
 h - 2 scrolls of identify {unknown}
 k - a scroll of fog {unknown}
 l - 2 scrolls of magic mapping {unknown}
 m - 3 scrolls of teleportation {unknown}
 r - a scroll of poison {unknown}
Potions
 f - a potion of invisibility
 i - 2 potions of might
 j - 2 potions of curing
 n - a potion of experience {unknown}
 p - a potion of haste {unknown}


   Skills:
 + Level 3.4 Fighting
 + Level 4.0 Maces & Flails
 - Level 1.7 Throwing
 + Level 3.7 Armour
 - Level 2.1 Dodging


You had 4 spell levels left.
You didn't know any spells.
Your spell library contained the following spells:

 Spells                   Type           Power      Damage    Failure   Level
 Magic Dart               Conj           0%         1d3       45%         1
 Call Imp                 Summ           0%         N/A       58%         2
 Mephitic Cloud           Conj/Pois/Air  0%         N/A       83%         3


Dungeon Overview and Level Annotations

Branches:
Dungeon (4/15)              Sewer (visited)
 Temple: D:4-7

Altars:
Dithmenos
Okawaru
Yredelemnul
Zin


Innate Abilities, Weirdness & Mutations

You are completely covered in rugged brown scales. (AC +3, +7% HP)
Armour fits poorly on your strangely shaped body.
You have a long armoured tail.
You roll when moving toward enemies. (Rampage)
Your long tongue fully drains potion bottles. (2x potion effects)
Your tongue gives you trouble enunciating. (1.5x scroll delay)


Message History

You are too injured to fight recklessly!
You are too injured to fight recklessly!
You are too injured to fight recklessly!
You are too injured to fight recklessly!
You are too injured to fight recklessly!
You are too injured to fight recklessly!
You are too injured to fight recklessly!
You are too injured to fight recklessly!
You are too injured to fight recklessly!
You closely miss the kobold. The orc closely misses you.
The kobold hits you but does no damage.
You hit the kobold.
Your tail-slap misses the kobold.
The kobold is moderately wounded.
The orc barely misses you. The kobold hits you but does no damage.
You hit the kobold.
The kobold is severely wounded.
The orc hits you with a +0 flail. The kobold hits you but does no damage.
You barely miss the kobold.
Your tail-slap misses the kobold.
The kobold is severely wounded.
The orc barely misses you. The kobold barely misses you.
You hit the kobold but do no damage.
The kobold is severely wounded.
The orc hits you with a +0 flail. The kobold hits you with a +0 whip.
The orc wizard gestures wildly while chanting.
The orc wizard flickers and vanishes!
Deactivating autopickup; reactivate with Ctrl-A.
The kobold hits you but does no damage.
The orc priest invokes the aid of Beogh against you.
Beogh smites you!
* * * LOW HITPOINT WARNING * * *
The orc barely misses you.
You thump the kobold!
You kill the kobold!
The orc hits you with a +0 flail!
* * * LOW HITPOINT WARNING * * *
You slurp down every last drop of the 3 bubbling emerald potions!
It was a potion of might.
You feel very mighty all of a sudden. The orc hits you with a +0 flail.
You die...

#.##.#.# #.#
#.##...# #.#
#.##.### #.#
#>##.# #.#
#.##.# #.# #
#.# #.#
#.##.#####.#
#..).......#
####@#######
#o#


Jo# ##{# #o# #o# #.# ..# You could see an orc priest, 3 orcs and an endoplasm.

Vanquished Creatures
  Pargi (Sewer)
  5 adders
  A river rat (D:3)
  An ufetubus (D:4)
  2 worms
  A dart slug (D:2)
  An orc (D:4)
  A ball python (D:2)
  2 bats
  5 endoplasms
  3 giant cockroaches
  7 goblins
  4 hobgoblins
  2 jackals (D:2)
  7 quokkas
  12 frilled lizards
  6 kobolds
  8 rats
69 creatures vanquished.

Notes
Turn   | Place    | Note
-------+----------+-------------------------------------------
     0 | D:1      | cforsyth the Armataur Gladiator began the quest for the
                  | Orb.
     0 | D:1      | Reached XP level 1. HP: 18/18 MP: 1/1
   168 | D:1      | Reached skill level 1 in Armour
   168 | D:1      | Reached XP level 2. HP: 25/25 MP: 2/2
   313 | D:1      | Reached skill level 3 in Maces & Flails
   798 | D:2      | Reached XP level 3. HP: 29/32 MP: 3/3
  1506 | D:3      | Reached XP level 4. HP: 36/39 MP: 4/4
  1528 | D:3      | Found a glowing drain.
  1536 | Sewer    | Entered a sewer
  1688 | Sewer    | Noticed Pargi
  1721 | Sewer    | Killed Pargi
  1722 | Sewer    | Reached XP level 5. HP: 14/48 MP: 5/5
  1934 | D:3      | Found a faded altar of an unknown god.
  2325 | D:3      | Reached skill level 4 in Maces & Flails
  2378 | D:3      | Found a basalt altar of Yredelemnul.
  2380 | D:3      | Found a glowing silver altar of Zin.
  2385 | D:3      | Found an iron altar of Okawaru.
  2456 | D:3      | Found a shadowy altar of Dithmenos.
  2598 | D:4      | Slain by an orc

Illustrated notes

Levels and vault maps discovered:
D:1:      ncdulo_halloftheorcs, layout_loops_ring, minmay_misc_feat_rugged
D:2:      layout_basic, chequers_serial_rivers_small_b, minmay_octomino_e4
D:3:      layout_basic, grunt_temple_overflow_cloverleaf,
          gup_sewer_entry_bubbles, ebering_ecumenical_altar_webs
D:4:      layout_loops_ring, guppyfry_early_orc_mine

Skill      XL: |  1  2  3  4  5 |
---------------+----------------+-----
Fighting       | 2 3 |  3.4
Armour         | 1 2 3 |  3.7
Maces & Flails | 3 4 |  4.0
Throwing       | |  1.7
Dodging        | |  2.1

Action                   |  1- 3 |  4- 6 || total
-------------------------+-------+-------++-------
Melee: Flail             |   127 |   109 ||   236
       Tailslap          |     8 |    10 ||    18
       Punch             |       |     2 ||     2
  Use: Potion            |       |     6 ||     6
 Stab: Invisible         |       |     1 ||     1
       Sleeping          |       |     1 ||     1
Armor: Leather armour    |    59 |    75 ||   134
Dodge: Dodged            |    63 |    86 ||   149

Table legend: (Time is in decaauts)
 A = Elapsed time spent in this place.
 B = Non-inter-level travel time spent in this place.
 C = Inter-level travel time spent in this place.
 D = Time resting spent in this place.
 E = Time spent auto-exploring this place.
 F = Levels seen in this place.
 G = Mean time per level.
                   A        B        C        D        E       F      G
               +--------+--------+--------+--------+--------+-----+--------+
         Total |   2651 |   2608 |     43 |      0 |   1943 |   5 |  530.2 |
       Dungeon |   2306 |   2263 |     43 |      0 |   1704 |   4 |  576.5 |
         Sewer |    345 |    345 |      0 |      0 |    239 |   1 |  345.0 |
               +--------+--------+--------+--------+--------+-----+--------+

Top non-repeatable levels by time:
     D:3: 887 daAuts
     D:1: 683 daAuts
     D:2: 665 daAuts
   Sewer: 345 daAuts
     D:4: 69 daAuts
